 Dungeon Sprint DCSS version 0.26-a0-1184-g95e395e029 (webtiles) character file.

Game seed: 16363173440748261835

11 rocky1 the Chiller (level 2, -2/19 HPs)
             Began as a Demonspawn Ice Elementalist on Dec 28, 2020.
             Was a Follower of Sif Muna.
             Slain by a water moccasin (9 damage)
             ... in the Dungeon (Sprint VII: "The Pits").
             The game lasted 00:01:22 (525 turns).

rocky1 the Chiller (Demonspawn Ice Elementalist)     Turns: 525, Time: 00:01:23

Health: -2/19      AC:  3    Str:  8    XL:     2   Next: 17%
Magic:  0/5        EV: 11    Int: 16    God:    Sif Muna [*.....]
Gold:   0          SH:  0    Dex: 13    Spells: 4/5 levels left

rFire    . . .     SeeInvis .   l - +2 falchion
rCold    . . .     Faith    .   (no shield)
rNeg     . . .     Spirit   .   m - +0 leather armour
rPois    .         Reflect  .   (helmet restricted)
rElec    .         Harm     .   (no cloak)
rCorr    .         Rampage  .   (no gloves)
Will     .....     NoTele   +   (no boots)
Stlth    ++........             (no amulet)
HPRegen  0.06/turn              (no ring)
MPRegen  0.09/turn              (no ring)

@: lethally poisoned (-2 -> -17)
A: antennae 1
a: Renounce Religion, Channel Magic


You were in the Dungeon.
You worshipped Sif Muna.
Sif Muna was aware of your devotion.
You visited 1 branch

Inventory:

Hand Weapons
 l - a +2 falchion (weapon)
Armour
 m - a +0 leather armour (worn)
Scrolls
 h - a scroll of blinking
 i - 3 scrolls of remove curse
 j - 5 scrolls of amnesia
 k - a scroll of summoning
Potions
 b - 2 potions of invisibility
 d - a potion of heal wounds
 e - a potion of haste
 f - 4 potions of magic
 g - 3 potions of berserk rage


   Skills:
 - Level 1.7 Dodging
 - Level 1.7 Stealth
 - Level 2.0 Spellcasting
 + Level 5.5 Ice Magic


You had 4 spell levels left.
You knew the following spells:

 Your Spells              Type           Power        Failure   Level
a - Freeze                Ice            76%          3%          1

Your spell library contained the following spells:

 Spells                   Type           Power        Failure   Level
 Frozen Ramparts          Ice            38%          10%         3
 Ozocubu's Armour         Ice            19%          10%         3
 Hailstorm                Conj/Ice       10%          67%         4
 Summon Ice Beast         Ice/Summ       10%          67%         4


Dungeon Overview and Level Annotations

Branches:
Dungeon (1/1)

Altars:
Ashenzari
Cheibriados
Dithmenos
Elyvilon
Fedhas
Gozag
Hepliaklqana
Kikubaaqudgha
Makhleb
Nemelex Xobeh
Okawaru
Qazlal
Ru
Sif Muna
Trog
Uskayaw
Vehumet
Wu Jian
Xom
Yredelemnul
Zin
The Shining One
Beogh
Jiyva
Lugonu


Innate Abilities, Weirdness & Mutations

You have a pair of small antennae on your head.


Message History

The water moccasin is moderately wounded.
The water moccasin seems to slow down.
You feel sick. The water moccasin bites you.
* * * LOW HITPOINT WARNING * * *
You feel better. The water moccasin barely misses you.
Unknown command.
Casting: Freeze (safe; 3% risk of failure)
Confirm with . or Enter, or press ? or * to list all spells.
Aiming: Freeze (safe; 3% risk of failure)
Press: ? - help, Shift-Dir - straight line, f/p - water moccasin
Aim: a water moccasin (moderately wounded, slow)
You freeze the water moccasin.
The water moccasin is moderately wounded.
The water moccasin seems to slow down.
The water moccasin bites you.
You are lethally poisoned!
The water moccasin poisons you!
You miss the water moccasin.
The water moccasin is moderately wounded.
You feel sick. The water moccasin bites you!
You die...

_________.# _________.#
_______...###########++
##########'##...........
#.?(.')))'.##......#..#.
##########.##...........
#...........'...........
#+#####[#####......#..#.
#..@Sh##...........
#####B#####'#####++
#...{{##.......#
#.....##.......#
###h####.......#


rh. #...<...# ..S.B #.......# ......##.......# #########.......# You could see a
water moccasin (slow), a worker ant and a jackal.

Vanquished Creatures
  An adder skeleton (D)
  A leopard gecko (D)
  An orc (D)
  A ball python (D)
  A goblin (D)
  A jackal (D)
6 creatures vanquished.

Notes
Turn   | Place    | Note
-------+----------+-------------------------------------------
     0 | D        | rocky1 the Demonspawn Ice Elementalist began the quest for
                  | the Orb.
     0 | D        | Reached XP level 1. HP: 13/13 MP: 3/3
    26 | D        | Reached skill level 4 in Ice Magic
    29 | D        | Found a bloodstained altar of Trog.
    29 | D        | Found a shimmering blue altar of Sif Muna.
    29 | D        | Found a viscous altar of Jiyva.
    29 | D        | Found a hazy altar of Hepliaklqana.
    29 | D        | Found an opulent altar of Gozag.
    30 | D        | Found a glowing golden altar of the Shining One.
    30 | D        | Found a glowing silver altar of Zin.
    30 | D        | Found a basalt altar of Yredelemnul.
    30 | D        | Found a shimmering altar of Xom.
    30 | D        | Found an ornate altar of the Wu Jian Council.
    30 | D        | Found a sacrificial altar of Ru.
    30 | D        | Found a stormy altar of Qazlal.
    30 | D        | Found an iron altar of Okawaru.
    30 | D        | Found a sparkling altar of Nemelex Xobeh.
    30 | D        | Found a burning altar of Makhleb.
    30 | D        | Found a blossoming altar of Fedhas.
    30 | D        | Found a white marble altar of Elyvilon.
    30 | D        | Found a shadowy altar of Dithmenos.
    30 | D        | Found a snail-covered altar of Cheibriados.
    33 | D        | Found a corrupted altar of Lugonu.
    33 | D        | Found a radiant altar of Vehumet.
    33 | D        | Found a roughly hewn altar of Beogh.
    34 | D        | Found an ancient bone altar of Kikubaaqudgha.
    34 | D        | Found a hide-covered altar of Uskayaw.
    34 | D        | Found a broken altar of Ashenzari.
    35 | D        | Became a worshipper of Sif Muna the Loreminder
   317 | D        | Reached skill level 5 in Ice Magic
   432 | D        | Reached * piety under Sif Muna
   433 | D        | Gained mutation: You have a pair of small antennae on your
                  | head. [demonic ancestry]
   433 | D        | Reached XP level 2. HP: 16/19 MP: 0/5
   512 | D        | Noticed a water moccasin
   525 | D        | Slain by a water moccasin

Illustrated notes

Levels and vault maps discovered:
D:        pitsprint [storerooms_1, entrance_room_1, metal_vault_1, armoury_3,
          mini_pit_1, grid_room_1, main_hall_1, silver_pit, the_coven_3,
          the_vestibule_1, steel_vault_2, golden_pit, hallway_of_sentries,
          crystal_vault_4, iron_vault_4, final_vault]

Skill      XL: |  1 |
---------------+----+-----
Ice Magic      | 5 |  5.5
Dodging        | |  1.7
Stealth        | |  1.7
Spellcasting   | |  2.0

Action                   || total
-------------------------++-------
Melee: Unarmed           ||    12
       Falchion          ||     9
 Cast: Freeze            ||    10
  Use: Potion            ||     1
 Stab: Sleeping          ||     1
Armor: Robe              ||     5
       Leather armour    ||     2
Dodge: Dodged            ||    14
       Rpst.: Falchion   ||     3

Table legend: (Time is in decaauts)
 A = Elapsed time spent in this place.
 B = Non-inter-level travel time spent in this place.
 C = Inter-level travel time spent in this place.
 D = Time resting spent in this place.
 E = Time spent auto-exploring this place.
 F = Levels seen in this place.
 G = Mean time per level.
                   A        B        C        D        E       F      G
               +--------+--------+--------+--------+--------+-----+--------+
         Total |    526 |    526 |      0 |    404 |      0 |   1 |  526.0 |
       Dungeon |    526 |    526 |      0 |    404 |      0 |   1 |  526.0 |
               +--------+--------+--------+--------+--------+-----+--------+

Top non-repeatable levels by time:
       D: 526 daAuts
